TOP OF THE 1ST |
Columbus Clippers batting - Pitching for Fresno Grizzlies : RHP Juan Estrada
|
Pitching: RHP Juan Estrada
|
|
Batting: LHB Zack Berney
|
0-0: Called Strike 0-1: Foul Ball, location: 2F 0-2: Strikes out swinging
|
Batting: SHB Scott Scott
|
0-0: Called Strike 0-1: Foul Ball, location: 2F 0-2: Ball 1-2: Ground out 1-3 (Groundball, 34S, EV 68.8 MPH)
|
Batting: SHB Valentin Laporte
|
0-0: Ball 1-0: Swinging Strike 1-1: Called Strike 1-2: Foul Ball, location: 2F 1-2: Ball 2-2: Foul Ball, location: 2F 2-2: DOUBLE (Line Drive, 78D, EV 110.0 MPH)
|
Batting: RHB Mike Quackenbush
|
0-0: Called Strike 0-1: SINGLE (Groundball, 4MD, EV 108.1 MPH) Valentin Laporte to third Runner from 3rd tries for Home, SAFE, throw by CF to home
|
Batting: RHB Eddie LaRose
|
0-0: Called Strike 0-1: Swinging Strike 0-2: Foul Ball, location: 2F 0-2: DOUBLE (Line Drive, 7LM, EV 111.2 MPH) Mike Quackenbush to third Runner from 3rd tries for Home, SAFE, throw by LF to trailing runner, OUT at third! 7-3-5
|
Top of the 1st over - 2 runs, 3 hits, 0 errors, 0 left on base; Columbus 2 - Fresno 0 |
BOTTOM OF THE 1ST |
Fresno Grizzlies batting - Pitching for Columbus Clippers : RHP Fred Huber
|
Pitching: RHP Fred Huber
|
|
Batting: LHB Danny Wolver
|
0-0: Foul Ball, location: 2F 0-1: Foul Ball, location: 2F 0-2: Ball 1-2: Foul Ball, location: 2F 1-2: Fly out, F3 (Line Drive, 34, EV 60.6 MPH)
|
Batting: LHB Chris Cabrera
|
0-0: Called Strike 0-1: Ground out 6-3 (Groundball, 6M, EV 102.5 MPH)
|
Batting: LHB Josh Birkner
|
0-0: Ball 1-0: Ball 2-0: Swinging Strike 2-1: Swinging Strike 2-2: Strikes out swinging
|
Bottom of the 1st over - 0 runs, 0 hits, 0 errors, 0 left on base; Columbus 2 - Fresno 0 |
TOP OF THE 2ND |
Columbus Clippers batting - Pitching for Fresno Grizzlies : RHP Juan Estrada
|
Batting: RHB Chad Thompson
|
0-0: Ball 1-0: Ground out 6-3 (Groundball, 6, EV 85.0 MPH)
|
Batting: RHB Kyle Scruggs
|
0-0: Swinging Strike 0-1: Ground out 5-3 (Groundball, 56, EV 98.8 MPH)
|
Batting: RHB Rick O'Reilly
|
0-0: Swinging Strike 0-1: Foul Ball, location: 2F 0-2: Ball 1-2: Ball 2-2: Foul Ball, location: 2F 2-2: Ball 3-2: Strikes out swinging
|
Top of the 2nd over - 0 runs, 0 hits, 0 errors, 0 left on base; Columbus 2 - Fresno 0 |
BOTTOM OF THE 2ND |
Fresno Grizzlies batting - Pitching for Columbus Clippers : RHP Fred Huber
|
Batting: LHB Mark Dearth
|
0-0: Hit by Pitch
|
Batting: RHB Ramon Castellon
|
0-0: Ball 1-0: Called Strike 1-1: Fielders Choice at 2nd, 1-4 (Groundball, 15S, EV 68.1 MPH)
|
Batting: LHB Bob Govella
|
0-0: Called Strike 0-1: Foul Ball, location: 2F 0-2: Ball 1-2: Strikes out looking
|
Batting: RHB Nick Deegan
|
0-0: Called Strike 0-1: Fly out, F8 (Flyball, 8RD, EV 99.4 MPH)
|
Bottom of the 2nd over - 0 runs, 0 hits, 0 errors, 1 left on base; Columbus 2 - Fresno 0 |
TOP OF THE 3RD |
Columbus Clippers batting - Pitching for Fresno Grizzlies : RHP Juan Estrada
|
Batting: RHB George Wagner
|
0-0: Ball 1-0: Foul Ball, location: 2F 1-1: Foul Ball, location: 2F 1-2: Ground out U3 (Groundball, 3L, EV 76.2 MPH)
|
Batting: LHB Zack Berney
|
0-0: Called Strike 0-1: Ball 1-1: Called Strike 1-2: Strikes out looking
|
Batting: SHB Scott Scott
|
0-0: Ball 1-0: Foul Ball, location: 2F 1-1: Ball 2-1: Foul Ball, location: 2F 2-2: Foul Ball, location: 2F 2-2: Ball 3-2: Strikes out swinging
|
Top of the 3rd over - 0 runs, 0 hits, 0 errors, 0 left on base; Columbus 2 - Fresno 0 |
BOTTOM OF THE 3RD |
Fresno Grizzlies batting - Pitching for Columbus Clippers : RHP Fred Huber
|
Batting: SHB Ryan Chicoine
|
0-0: Ball 1-0: Ball 2-0: Ball 3-0: Called Strike 3-1: Called Strike 3-2: SINGLE (Line Drive, 34D, EV 104.4 MPH)
|
Batting: RHB Pat McCoy
|
0-0: Swinging Strike 0-1: Ball 1-1: Foul Ball, location: 2F 1-2: Strikes out swinging
|
Batting: LHB Danny Wolver
|
0-0: Ball 1-0: Grounds into double play, U6-3 (Groundball, P, EV 83.1 MPH)
|
Bottom of the 3rd over - 0 runs, 1 hit, 0 errors, 0 left on base; Columbus 2 - Fresno 0 |
TOP OF THE 4TH |
Columbus Clippers batting - Pitching for Fresno Grizzlies : RHP Juan Estrada
|
Batting: SHB Valentin Laporte
|
0-0: Swinging Strike 0-1: Called Strike 0-2: SINGLE (Groundball, 6MD, EV 95.0 MPH)
|
Batting: RHB Mike Quackenbush
|
0-0: Ball 1-0: Fielders Choice at 2nd, 4-6 (Groundball, 34, EV 88.1 MPH)
|
Batting: RHB Eddie LaRose
|
0-0: Ball 1-0: Ball 2-0: Called Strike Mike Quackenbush is caught stealing 2nd base 2-4 2-1: Swinging Strike 2-2: Strikes out swinging
|
Top of the 4th over - 0 runs, 1 hit, 0 errors, 0 left on base; Columbus 2 - Fresno 0 |
BOTTOM OF THE 4TH |
Fresno Grizzlies batting - Pitching for Columbus Clippers : RHP Fred Huber
|
Batting: LHB Chris Cabrera
|
0-0: TRIPLE (Flyball, 89XD, EV 94.4 MPH)
|
Batting: LHB Josh Birkner
|
0-0: Foul Ball, location: 2F 0-1: Foul Ball, location: 2F 0-2: Ball 1-2: Ball 2-2: Ball 3-2: SINGLE (Line Drive, 3D, EV 95.6 MPH) Chris Cabrera scores
|
Batting: LHB Mark Dearth
|
0-0: Called Strike 0-1: Ball 1-1: Ball 2-1: Foul Ball, location: 2F 2-2: Ball 3-2: Base on Balls Josh Birkner to second
|
Batting: RHB Ramon Castellon
|
0-0: Swinging Strike 0-1: Fly out, F8 (Flyball, 8RD, EV 105.0 MPH)
|
Batting: LHB Bob Govella
|
0-0: Called Strike 0-1: Ball 1-1: Fielders Choice at 2nd, 6-4 (Groundball, 6, EV 99.4 MPH) Josh Birkner to third
|
Batting: RHB Nick Deegan
|
0-0: Ground out 4-3 (Groundball, 34, EV 79.4 MPH)
|
Bottom of the 4th over - 1 run, 2 hits, 0 errors, 2 left on base; Columbus 2 - Fresno 1 |
TOP OF THE 5TH |
Columbus Clippers batting - Pitching for Fresno Grizzlies : RHP Juan Estrada
|
Batting: RHB Chad Thompson
|
0-0: Ball 1-0: Ball 2-0: Foul Ball, location: 2F 2-1: Ball 3-1: Base on Balls
|
Batting: RHB Kyle Scruggs
|
0-0: Ball 1-0: Ball 2-0: Called Strike Chad Thompson steals 2nd base 2-1: Ground out 5-3 (Groundball, 56, EV 96.2 MPH)
|
Batting: RHB Rick O'Reilly
|
0-0: Called Strike 0-1: Foul Ball, location: 2F 0-2: Ball 1-2: Strikes out swinging
|
Batting: RHB George Wagner
|
0-0: Foul Ball, location: 2F 0-1: Ball 1-1: Ball 2-1: Ball 3-1: Called Strike 3-2: Ground out 6-3 (Groundball, P, EV 91.2 MPH)
|
Top of the 5th over - 0 runs, 0 hits, 0 errors, 1 left on base; Columbus 2 - Fresno 1 |
BOTTOM OF THE 5TH |
Fresno Grizzlies batting - Pitching for Columbus Clippers : RHP Fred Huber
|
Batting: SHB Ryan Chicoine
|
0-0: Called Strike 0-1: Ball 1-1: Foul Ball, location: 2F 1-2: Strikes out swinging
|
Batting: RHB Pat McCoy
|
0-0: Called Strike 0-1: Ball 1-1: Called Strike 1-2: Ball 2-2: Ground out 4-3 (Groundball, 4, EV 97.5 MPH)
|
Batting: LHB Danny Wolver
|
0-0: SINGLE (Groundball, 56D, EV 100.6 MPH) (infield hit)
|
Batting: LHB Chris Cabrera
|
0-0: Ball 1-0: Ball 2-0: Called Strike 2-1: SINGLE (Groundball, 34D, EV 97.5 MPH) Danny Wolver to second Runner from 2nd tries for 3rd, SAFE, throw by RF made to third
|
Batting: LHB Josh Birkner
|
0-0: SINGLE (Groundball, 34D, EV 95.6 MPH) Danny Wolver scores Chris Cabrera to second Runner from 2nd tries for 3rd, SAFE, throw by RF made to third
|
Batting: LHB Mark Dearth
|
0-0: Ground out 4-3 (Groundball, 34, EV 96.9 MPH)
|
Bottom of the 5th over - 1 run, 3 hits, 0 errors, 2 left on base; Columbus 2 - Fresno 2 |
TOP OF THE 6TH |
Columbus Clippers batting - Pitching for Fresno Grizzlies : RHP Juan Estrada
|
Batting: LHB Zack Berney
|
0-0: Ball 1-0: Ball 2-0: Ball 3-0: Called Strike 3-1: Called Strike 3-2: Base on Balls
|
Batting: SHB Scott Scott
|
0-0: Foul Ball, location: 2F 0-1: Ball 1-1: Ball 2-1: Foul Ball, location: 2F 2-2: Foul Ball, location: 2F 2-2: Ball 3-2: Fielders Choice at 2nd, 4-6 (Groundball, 34, EV 91.9 MPH)
|
Pitching: RHP Willie Jimenez
|
|
Batting: SHB Valentin Laporte
|
0-0: Called Strike 0-1: Ball 1-1: Foul Ball, location: 2F 1-2: SINGLE (Line Drive, 89S, EV 107.5 MPH) Scott Scott to second Scott Scott to third
|
Pinch Hitting: LHB Jesus Lozano
|
0-0: Swinging Strike 0-1: Foul Ball, location: 2F 0-2: Ball 1-2: Fielders Choice at 2nd, 1-6 (Groundball, 34S, EV 72.5 MPH)
|
Pinch Hitting: LHB Zion Davidson
|
|
Pitching: LHP Dzintars Balodis
|
0-0: Ball 1-0: Foul Ball, location: 2F 1-1: Fielders Choice at 2nd, 6-4 (Groundball, 6, EV 80.0 MPH)
|
Top of the 6th over - 0 runs, 1 hit, 0 errors, 2 left on base; Columbus 2 - Fresno 2 |
BOTTOM OF THE 6TH |
Fresno Grizzlies batting - Pitching for Columbus Clippers : RHP Fred Huber
|
Now at 1B: Jesus Lozano
|
|
Now at SS: Rick O'Reilly
|
|
Now in LF: Zion Davidson
|
|
Batting: RHB Ramon Castellon
|
0-0: Ball 1-0: Called Strike 1-1: Fly out, F9 (Flyball, 9LMF, EV 105.0 MPH)
|
Batting: LHB Bob Govella
|
0-0: Ball 1-0: Called Strike 1-1: Ball 2-1: Ball 3-1: Called Strike 3-2: Strikes out swinging
|
Batting: RHB Nick Deegan
|
0-0: Called Strike 0-1: Ball 1-1: Swinging Strike 1-2: Ball 2-2: DOUBLE (Groundball, 5L, EV 101.9 MPH)
|
Batting: SHB Ryan Chicoine
|
0-0: Ball 1-0: Ball 2-0: Ball 3-0: Called Strike 3-1: Base on Balls
|
Batting: RHB Pat McCoy
|
0-0: Foul Ball, location: 2F 0-1: Ball 1-1: Foul Ball, location: 2F 1-2: Ground out 6-3 (Groundball, 6S, EV 61.2 MPH)
|
Bottom of the 6th over - 0 runs, 1 hit, 0 errors, 2 left on base; Columbus 2 - Fresno 2 |
TOP OF THE 7TH |
Columbus Clippers batting - Pitching for Fresno Grizzlies : LHP Dzintars Balodis
|
Pitching: RHP Elroy Meulenkamp
|
|
Batting: RHB Chad Thompson
|
0-0: Ball 1-0: Swinging Strike 1-1: Ball 2-1: Ball 3-1: Called Strike 3-2: Ground out 5-3 (Groundball, 56S, EV 84.4 MPH)
|
Batting: RHB Kyle Scruggs
|
0-0: Called Strike 0-1: Swinging Strike 0-2: Ball 1-2: Fly out, F8 (Flyball, 8LXD, EV 92.5 MPH)
|
Batting: RHB Rick O'Reilly
|
0-0: Called Strike 0-1: Called Strike 0-2: Ground out 5-3 (Groundball, 56, EV 86.9 MPH)
|
Top of the 7th over - 0 runs, 0 hits, 0 errors, 0 left on base; Columbus 2 - Fresno 2 |
BOTTOM OF THE 7TH |
Fresno Grizzlies batting - Pitching for Columbus Clippers : RHP Fred Huber
|
Batting: LHB Danny Wolver
|
0-0: Called Strike 0-1: Ball 1-1: Ball 2-1: SINGLE (Groundball, 6D, EV 98.8 MPH)
|
Batting: LHB Chris Cabrera
|
0-0: Called Strike 0-1: Ball 1-1: Grounds into double play, 6-4-3 (Groundball, 6, EV 106.2 MPH)
|
Batting: LHB Josh Birkner
|
0-0: Called Strike 0-1: Foul Ball, location: 2F 0-2: Ball 1-2: Ball 2-2: Ball 3-2: Ground out 4-3 (Groundball, 4D, EV 104.4 MPH)
|
Bottom of the 7th over - 0 runs, 1 hit, 0 errors, 0 left on base; Columbus 2 - Fresno 2 |
TOP OF THE 8TH |
Columbus Clippers batting - Pitching for Fresno Grizzlies : RHP Elroy Meulenkamp
|
Batting: RHB George Wagner
|
0-0: Foul Ball, location: 2F 0-1: Foul Ball, location: 2F 0-2: Strikes out looking
|
Batting: LHB Zack Berney
|
0-0: Ball 1-0: Called Strike 1-1: Ball 2-1: Ball 3-1: Foul Ball, location: 2F 3-2: Base on Balls
|
Batting: SHB Scott Scott
|
0-0: Grounds out, U3 (Groundball, 3L, EV 103.1 MPH)
|
Batting: SHB Valentin Laporte
|
0-0: Called Strike 0-1: Called Strike 0-2: Ball 1-2: Ball 2-2: Ball 3-2: Strikes out swinging
|
Top of the 8th over - 0 runs, 0 hits, 0 errors, 1 left on base; Columbus 2 - Fresno 2 |
BOTTOM OF THE 8TH |
Fresno Grizzlies batting - Pitching for Columbus Clippers : RHP Fred Huber
|
Pitching: RHP Dennis Beals
|
|
Batting: LHB Mark Dearth
|
0-0: SINGLE (Groundball, 34D, EV 96.9 MPH)
|
Batting: RHB Ramon Castellon
|
0-0: Called Strike 0-1: Ball 1-1: Ball 2-1: Ball 3-1: Fly out, F8 (Flyball, 8RD, EV 106.9 MPH)
|
Batting: LHB Bob Govella
|
0-0: Called Strike 0-1: Swinging Strike 0-2: Ball 1-2: Ball 2-2: Strikes out swinging
|
Batting: RHB Nick Deegan
|
0-0: Called Strike 0-1: Ball 1-1: SINGLE (Groundball, 4MS, EV 68.8 MPH) (infield hit) Mark Dearth to second
|
Batting: SHB Ryan Chicoine
|
0-0: Swinging Strike 0-1: Ball 1-1: Called Strike 1-2: Ball 2-2: Strikes out swinging
|
Bottom of the 8th over - 0 runs, 2 hits, 0 errors, 2 left on base; Columbus 2 - Fresno 2 |
TOP OF THE 9TH |
Columbus Clippers batting - Pitching for Fresno Grizzlies : RHP Elroy Meulenkamp
|
Batting: LHB Jesus Lozano
|
0-0: Ball 1-0: Ball 2-0: Ball 3-0: Called Strike 3-1: Base on Balls
|
Batting: LHB Zion Davidson
|
0-0: Called Strike Jesus Lozano steals 2nd base (no throw) 0-1: Ball 1-1: SINGLE (Line Drive, 7S, EV 91.9 MPH) Jesus Lozano to third
|
Pinch Hitting: LHB Tyler Babbitt
|
0-0: Ball 1-0: Called Strike 1-1: Called Strike Zion Davidson steals 2nd base (no throw) 1-2: Ball 2-2: Foul Ball, location: 2F 2-2: Fly out, F7 (Flyball, 7S, EV 83.1 MPH)
|
Batting: RHB Kyle Scruggs
|
0-0: Ball 1-0: Foul Ball, location: 2F 1-1: Ball 2-1: Foul Ball, location: 2F 2-2: Foul Ball, location: 2F 2-2: Strikes out swinging
|
Batting: RHB Rick O'Reilly
|
0-0: Ball 1-0: Ball 2-0: Called Strike 2-1: Ball 3-1: Base on Balls
|
Batting: RHB George Wagner
|
0-0: Swinging Strike 0-1: Ball 1-1: Foul Ball, location: 2F 1-2: Strikes out swinging
|
Top of the 9th over - 0 runs, 1 hit, 0 errors, 3 left on base; Columbus 2 - Fresno 2 |
BOTTOM OF THE 9TH |
Fresno Grizzlies batting - Pitching for Columbus Clippers : RHP Dennis Beals
|
Now in RF: Tyler Babbitt
|
|
Batting: RHB Pat McCoy
|
0-0: Ball 1-0: Called Strike 1-1: Called Strike 1-2: Foul Ball, location: 2F 1-2: Ball 2-2: Strikes out swinging
|
Batting: LHB Danny Wolver
|
0-0: SINGLE (Groundball, 34D, EV 98.8 MPH)
|
Batting: LHB Chris Cabrera
|
0-0: Swinging Strike 0-1: Ball Danny Wolver steals 2nd base 1-1: Ball 2-1: Fly out, F5 (Popup, 5SF, EV 73.8 MPH)
|
Pitching: LHP Heath Ryland
|
|
Pinch Hitting: RHB Sam Spohn
|
0-0: Ball 1-0: Ball 2-0: Ball 3-0: Called Strike 3-1: Swinging Strike 3-2: Base on Balls
|
Batting: LHB Mark Dearth
|
0-0: Foul Ball, location: 2F 0-1: SINGLE (Groundball, 6MD, EV 100.0 MPH) Danny Wolver to third Sam Spohn to second Runner from 3rd tries for Home, SAFE, throw by CF to home
|
Bottom of the 9th over - 1 run, 2 hits, 0 errors, 2 left on base; Columbus 2 - Fresno 3 |
|